 Dungeon Crawl Stone Soup version 0.28.0-47-ge53b351184 (webtiles) character file.

Game seed: 17653921621015961123

124 Keeper01 the Covered (level 5, -4/43 HPs)
             Began as a Barachi Fighter on May 9, 2022.
             Was a Follower of Uskayaw.
             Slain by Pikel
             ... wielding a +1 whip of flaming
              (8 damage)
             ... on level 4 of the Dungeon.
             The game lasted 00:09:26 (1316 turns).

Keeper01 the Covered (Barachi Fighter)              Turns: 1316, Time: 00:09:27

Health: -4/43      AC:  7    Str: 19    XL:     5   Next: 8%
Magic:  5/5        EV:  9    Int:  9    God:    Uskayaw [*.....]
Gold:   56         SH:  0    Dex: 11    Spells: 4/4 levels left

rFire   . . .      SeeInvis .   a - +0 long sword
rCold   . . .      Faith    .   e - orb {*Rage}
rNeg    . . .      Spirit   .   b - +0 scale mail
rPois   .          Reflect  .   (no helmet)
rElec   .          Harm     .   (no cloak)
rCorr   .          Rampage  .   (no gloves)
Will    .....      Rage     20% (no boots)
Stlth   ..........              (no amulet)
HPRegen 0.14/turn               (no ring)
MPRegen 0.09/turn               (no ring)

@: on berserk cooldown, slow
A: amphibious, slowness 1, strong legs 1, +LOS
a: Hop, Renounce Religion, Stomp


You were on level 4 of the Dungeon.
You worshipped Uskayaw.
Uskayaw was noncommittal.
You visited 1 branch of the dungeon, and saw 4 of its levels.

You collected 56 gold pieces.

Inventory:

Hand Weapons
 a - a +0 long sword (weapon)
 k - a +0 hunting sling
Armour
 b - a +0 scale mail (worn)
 c - a +0 buckler
 e - an orb of wrath (worn)
Scrolls
 f - a scroll of summoning {unknown}
 i - a scroll of identify {unknown}
Potions
 d - a potion of might
 g - a potion of heal wounds {unknown}
 h - a potion of curing {unknown}
 j - a potion of mutation {unknown}


   Skills:
 + Level 4.4 Fighting
 + Level 3.6 Long Blades
 + Level 4.5 Armour
 + Level 0.3 Dodging
 + Level 0.5 Stealth
 + Level 4.2 Shields


You had 4 spell levels left.
You didn't know any spells.
Your spell library was empty.

Dungeon Overview and Level Annotations

Branches:
Dungeon (4/15)
 Temple: D:4-7

Altars:
Uskayaw

Shops:
D:4 ?[

Annotations:
D:4 Pikel


Innate Abilities, Weirdness & Mutations

You are amphibious.
You cover ground slowly.
You can hop short distances.
You have an extended range of vision and can be seen from far away.


Message History

The lemure moves out of view.
The giant cockroach moves out of view.
The lemure shouts! x2
Pikel, Merchant of Souls comes into view.
He is wielding a +1 whip of flaming.
A lemure comes into view.
A kobold comes into view. It is wielding a +0 club.
The kobold shouts!
The kobold throws a stone.
The stone hits you but does no damage.
Pikel hits you with a +1 whip of flaming!
Pikel burns you.
The kobold throws a stone.
The stone closely misses you.
Pikel hits you with a +1 whip of flaming.
Pikel burns you.
The kobold throws a stone.
The stone hits you but does no damage.
Found a mace.
Found Jiorghidd's Armour Shop.
The kobold throws a stone.
The stone hits you but does no damage.
The kobold throws a stone.
The stone closely misses you.
The stone completely misses Pikel.
Pikel hits you with a +1 whip of flaming!
Pikel burns you. The kobold hits you but does no damage.
Pikel barely misses you.
You feel yourself speed up.
The kobold hits you but does no damage. x2
Pikel hits you with a +1 whip of flaming.
Pikel burns you.
You hit the kobold.
You kill the kobold!
Pikel barely misses you.
Pikel hits you with a +1 whip of flaming!
* * * LOW HITPOINT WARNING * * *
Pikel burns you.
* * * LOW HITPOINT WARNING * * *
Things that are here:
a +0 club; 4 stones The lemure hits you but does no damage.
Pikel says, "You'll feel the lick of my whip!"
The lemure hits you.
* * * LOW HITPOINT WARNING * * *
The giant cockroach bites you but does no damage. x2
Pikel hits you with a +1 whip of flaming!
You die...

..............#
......#
..............#
.∩....#
..............##......
....#########.#.......
#.#.# #.#..... #...#
#5#.#.# ##..#
##.5...####### #..#
#...B......... ....
#..5K@....∩... ....
#...5.....)... .....
##+#.####..... #+####
#.# .... ..# .. .### .
. #


You could see Pikel, 4 lemures and a giant cockroach.

Vanquished Creatures
  A bullfrog skeleton (D:4)
  3 gnolls (D:2)
  4 adders (D:2)
  An adder skeleton (D:4)
  A worm (D:2)
  3 endoplasms
  4 goblins
  2 hobgoblins
  5 kobolds
  2 quokkas (D:2)
  A bat (D:2)
  A frilled lizard (D:2)
  3 rats
31 creatures vanquished.

Notes
Turn   | Place    | Note
-------+----------+-------------------------------------------
     0 | D:1      | Keeper01 the Barachi Fighter began the quest for the Orb.
     0 | D:1      | Reached XP level 1. HP: 18/18 MP: 1/1
   254 | D:1      | Found a faded altar of an unknown god.
   263 | D:1      | Prayed at the altar of an unknown god.
   263 | D:1      | Became a worshipper of Uskayaw the Reveller
   263 | D:1      | Reached * piety under Uskayaw
   326 | D:1      | Reached XP level 2. HP: 25/25 MP: 2/2
   507 | D:2      | Reached ** piety under Uskayaw
   510 | D:2      | Reached *** piety under Uskayaw
   511 | D:2      | Reached **** piety under Uskayaw
   514 | D:2      | Reached XP level 3. HP: 22/30 MP: 3/3
   517 | D:2      | Reached ***** piety under Uskayaw
   743 | D:2      | Reached XP level 4. HP: 37/37 MP: 4/4
  1284 | D:4      | Reached XP level 5. HP: 38/43 MP: 5/5
  1300 | D:4      | Found Giovvit's Magic Scroll Emporium.
  1303 | D:4      | Noticed a lemure
  1303 | D:4      | Noticed a lemure
  1303 | D:4      | Noticed a lemure
  1304 | D:4      | Noticed Pikel
  1304 | D:4      | Noticed a lemure
  1309 | D:4      | Found Jiorghidd's Armour Shop.
  1316 | D:4      | Slain by Pikel

Illustrated notes

Levels and vault maps discovered:
D:1:      minmay_arrival_three_doors, layout_basic, basic_ecumenical_altar,
          columned_hall_lemuel
D:2:      layout_loops_ring, serial_shops, nicolae_square_shop,
          grunt_ministairs_7, bh_walls_and_bars, uniq_terence, uniq_sigmund
D:3:      layout_rooms
D:4:      layout_basic, dancing_weapons_uskayaw, serial_shops,
          nicolae_shop_competitors_out_of_business, shop,
          nicolae_shop_waterfront, nicolae_stop_n_shop_2, shop, uniq_pikel

Skill      XL: |  1  2  3  4 |
---------------+-------------+-----
Fighting       | 4 |  4.4
Shields        | 4 |  4.2
Long Blades    | 3 |  3.6
Armour         | 4 |  4.5
Dodging        | |  0.3
Stealth        | |  0.5

Action                   |  1- 3 |  4- 6 || total
-------------------------+-------+-------++-------
Melee: Long sword        |    51 |    37 ||    88
 Stab: Paralysed         |     2 |       ||     2
Armor: Scale mail        |    19 |    34 ||    53
Dodge: Dodged            |    27 |    24 ||    51
